 Dungeon Crawl Stone Soup version 0.18.1-50-g88ac8fd (webtiles) character file.

8 Gargoyl the Skirmisher (level 2, 9/24 HPs)
             Began as a Demonspawn Abyssal Knight on Oct 17, 2016.
             Was an Initiate of Lugonu.
             Quit the game on level 1 of the Dungeon.
             The game lasted 00:01:16 (565 turns).

Gargoyl the Skirmisher (Demonspawn Abyssal Knight)   Turns: 565, Time: 00:01:17

Health: 9/24       AC:  3    Str: 12    XL:     2   Next: 0%
Magic:  3/3        EV: 10    Int: 13    God:    Lugonu [......]
Gold:   51         SH:  9    Dex: 12    Spells: 0 memorised, 1 level left

rFire  . . .     SeeInvis .     a - +1 hand axe
rCold  . . .     Gourm    .     b - +0 leather armour
rNeg   . . .     Faith    .     g - +0 buckler
rPois  .         Spirit   +     (no helmet)
rElec  .         Dismiss  .     (no cloak)
rCorr  .         Reflect  +     (no gloves)
SustAt .         Harm     .     (no boots)
MR     .....                    e - +6 amulet of reflection
Stlth  +.........               (no ring)
                                (no ring)

@: not resistant to hostile enchantments, very unstealthy
A: magic shield
a: Renounce Religion


You were on level 1 of the Dungeon.
You worshipped Lugonu.
Lugonu was noncommittal.
You were not hungry.

You visited 1 branch of the dungeon, and saw 1 of its levels.
You visited the Abyss 1 time.

You collected 51 gold pieces.

Inventory:

Hand Weapons
 a - a +1 hand axe (weapon)
 j - a +0 spear
Armour
 b - a +0 leather armour (worn)
 g - a +0 buckler (worn)
Jewellery
 e - a +6 amulet of reflection (around neck)
Scrolls
 f - 2 scrolls of identify {unknown}
 i - a scroll of remove curse {unknown}
Potions
 d - a potion of ambrosia {unknown}
 h - a potion of might {unknown}
Comestibles
 c - 2 bread rations


   Skills:
 + Level 3.3 Fighting
 + Level 1.7 Axes
 * Level 2.0 Armour
 + Level 0.8 Dodging
 * Level 2.5 Invocations


You had one spell level left.
You didn't know any spells.

Dungeon Overview and Level Annotations

Branches:
Dungeon (1/15)

Altars:
Nemelex Xobeh


Innate Abilities, Weirdness & Mutations

When hurt, damage is shared between your health and your magic reserves.


Message History

The hobgoblin closely misses you.
You closely miss the hobgoblin. The hobgoblin hits you.
You barely miss the hobgoblin. You block the hobgoblin's attack.
You closely miss the hobgoblin. The hobgoblin closely misses you.
You hit the hobgoblin but do no damage. The hobgoblin hits you.
You block the hobgoblin's attack.
You hit the hobgoblin but do no damage.
The hobgoblin hits you but does no damage.
You closely miss the hobgoblin. You block the hobgoblin's attack.
You hit the hobgoblin.
The hobgoblin is almost dead.
The hobgoblin hits you.
You hit the hobgoblin.
You kill the hobgoblin!
Lugonu accepts your kill.
You have reached level 2!
Your demonic ancestry asserts itself...
You feel your magical essence form a protective shroud around your flesh.
The giant newt bites you but does no damage.
Are you sure you want to abandon this character and quit the game? (Confirm with "yes".)

### ##.#.## #...##
##.###.## #####
......###.##
##.######...#
.........##
##.........#
#.##.#.#.##
#.######...###
#.##.###.# ##....#
#.###.#.# #..#.# #.#
#..# #..#.# #.# #@##
#..#.# ..# #l# #..#>#
### .K. #....# .....
####.### .......
##.##.#
(........####...#.###
+.........+...........
#.........####...#.###
##.##.#


You could see a kobold and a giant newt.

Vanquished Creatures
  A bat (D:1)
  2 hobgoblins (D:1)
  A giant newt (D:1)
  3 goblins (D:1)
7 creatures vanquished.

Notes
Turn   | Place    | Note
--------------------------------------------------------------
     0 | Abyss:1  | Gargoyl the Demonspawn Abyssal Knight began the quest for the Orb.
     0 | Abyss:1  | Reached XP level 1. HP: 18/18 MP: 2/2
   118 | Abyss:2  | Noticed a water elemental
   135 | D:1      | Escaped the Abyss
   402 | D:1      | Found a sparkling altar of Nemelex Xobeh.
   564 | D:1      | Gained mutation: When hurt, damage is shared between your health and your magic reserves. [demonic ancestry]
   564 | D:1      | Reached XP level 2. HP: 9/24 MP: 3/3
   565 | D:1      | Quit the game

Skill      XL: |  1 |
---------------+----+-----
Armour         | 2 |  2.0
Fighting       | |  3.3
Axes           | |  1.7
Dodging        | |  0.8
Invocations    | |  2.5

Action                   || total
-------------------------++-------
Melee: Hand axe          ||    32
Invok: Depart the Abyss  ||     1
Armor: Leather armour    ||     9
Dodge: Dodged            ||    16
Block: Buckler           ||    21
       Reflection        ||     1
